 Dungeon Crawl Stone Soup version 0.30-a0-6-g7c9e10e132 (webtiles) character file.

Game seed: 12201359674362292147

52 Setbun the Magician (level 4, -5/31 HPs)
             Began as a Djinni Ice Elementalist on Aug 22, 2022.
             Slain by Crazy Yiuf
             ... wielding a +3 quarterstaff of chaos
              (11 damage)
             ... on level 2 of the Dungeon.
             The game lasted 00:01:29 (2823 turns).

Setbun the Magician (Djinni Ice Elementalist)       Turns: 2823, Time: 00:01:30

Health: -5/31      AC:  2    Str:  7    XL:     4   Next: 8%
Gold:   117        EV: 12    Int: 19    God:
                   SH:  0    Dex: 13

rFire   + + .      SeeInvis .    (no weapon)
rCold   x . .      Faith    .    (no shield)
rNeg    . . .      Spirit   .    a - +0 robe
rPois   ∞          Reflect  .    (no helmet)
rElec   .          Harm     .    (no cloak)
rCorr   .          Rampage  .    (no gloves)
Will    .....                    (boots unavailable)
Stlth   ++........               (no amulet)
HPRegen 0.10/turn                (no ring)
MPRegen 0.00/turn                (no ring)

@: flying
A: sickness immunity, fire resistance 2, cold vulnerability 1, float, innate
caster, HP casting, extra vitality 1
a: no special abilities


You were on level 2 of the Dungeon.
You visited 1 branch of the dungeon, and saw 2 of its levels.

You collected 117 gold pieces.

Inventory:

Armour
 a - a +0 robe (worn)
Jewellery
 i - a ring of positive energy
Scrolls
 d - a scroll of torment {unknown}
 e - 3 scrolls of magic mapping {unknown}
 j - a scroll of blinking {unknown}
 k - a scroll of fear {unknown}
 m - a scroll of teleportation {unknown}
Potions
 b - 3 potions of berserk rage {unknown}
 c - 2 potions of brilliance {unknown}
 f - a potion of magic {unknown}
 g - 2 potions of heal wounds {unknown}
 h - a potion of lignification {unknown}
 l - 3 potions of might {unknown}


   Skills:
 - Level 2.1 Dodging
 - Level 1.5 Stealth
 * Level 4.2 Spellcasting


You couldn't memorise any spells.
You knew the following spells:

 Your Spells              Type           Power      Damage    Failure   Level
a - Freeze                Ice            80%        1d9       2%          1
b - Frozen Ramparts       Ice            40%        1d7       7%          3
c - Ozocubu's Armour      Ice            20%        N/A       7%          3
d - Hailstorm             Conj/Ice       20%        3d6       22%         4
e - Magic Dart            Conj           80%        1d7       2%          1
Your spell library was empty.

Dungeon Overview and Level Annotations

Branches:
Dungeon (2/15)

Altars:
Makhleb

Shops:
D:1 !

Annotations:
D:2 Crazy Yiuf


Innate Abilities, Weirdness & Mutations

You are immune to sickness and miasma.
You are immune to poison.
Your flesh is very heat resistant. (rF++)
You are vulnerable to cold. (rC-)
You float through the air rather than walking.
You learn spells naturally, not from books.
Your magical power is your life essence.
You have superior vitality. (+4 MHP)


Message History

You start resting.
HP restored.
Found a stone staircase leading down.
There is a stone staircase leading down here.
Found a stone staircase leading down.
There is a stone staircase leading down here.
Found a stone staircase leading up.
l - 2 murky grey potions (gained 1)
You see here a ring of magical power.
l - 3 murky grey potions (gained 1)
You now have 117 gold pieces (gained 18).
There is a stone staircase leading down here.
There is an escape hatch in the ceiling here.
No reachable target in view!
You reach down and open the door.
Crazy Yiuf shouts!
Crazy Yiuf zaps a wand.
The puff of flame hits you. You resist.
There is an open translucent door here.
Crazy Yiuf hits you with a +3 quarterstaff of chaos!
There is an open translucent door here.
You freeze Crazy Yiuf!
Crazy Yiuf is moderately wounded.
Crazy Yiuf hits you with a +3 quarterstaff of chaos.
Unknown command.
You freeze Crazy Yiuf.
Crazy Yiuf is severely wounded.
Crazy Yiuf hits you with a +3 quarterstaff of chaos!
* * * LOW HITPOINT WARNING * * *
Crazy Yiuf freezes you.
* * * LOW HITPOINT WARNING * * *
You are too injured to fight recklessly!
You are too injured to fight recklessly!
Aiming: Freeze (safe; 2% risk of failure)
Press: ? - help, Q - select action, (/) - cycle Shift-Dir - straight line, f/p - Crazy Yiuf
Aim: Crazy Yiuf, wielding a +3 quarterstaff of chaos, wearing a +0 cloak and carrying a wand of flame (17) (severely wounded)
You freeze Crazy Yiuf!
Crazy Yiuf is almost dead.
* * * LOW HITPOINT WARNING * * *
Crazy Yiuf hits you with a +3 quarterstaff of chaos!
You die...

#.....[....#
#....#
...........#
#.P..#
##.........#
#.P.##
##.#######.#
##.## ...# #.#
#.## ..## #.#
##.# ..### #.#
#.## ....# #.#
##.# ....# #.#
#@# ....# #.#
#.g.#
....######.#
#...#
..........[#
#..)#
....#......#
#####
...........#
....#......###
....#........#
....#........#


You could see Crazy Yiuf.

Vanquished Creatures
  An adder (D:2)
  2 worms (D:2)
  A dart slug (D:1)
  4 bats (D:1)
  2 endoplasms (D:1)
  4 giant cockroaches
  2 hobgoblins
  A ball python (D:2)
  A frilled lizard (D:1)
  5 goblins (D:1)
  5 kobolds
  6 rats
34 creatures vanquished.

Notes
Turn   | Place    | Note
-------+----------+-------------------------------------------
     0 | D:1      | Setbun the Djinni Ice Elementalist began the quest for the
                  | Orb.
     0 | D:1      | Setbun set off with the following spells memorised: Freeze,
                  | Frozen Ramparts, Ozocubu's Armour, Hailstorm.
     0 | D:1      | Reached XP level 1. HP: 15/15 MP: 0/0
   516 | D:1      | Found Daredap's Distillery.
   525 | D:1      | Reached XP level 2. HP: 14/21 MP: 0/0
   790 | D:1      | Reached XP level 3. HP: 11/25 MP: 0/0
   790 | D:1      | Learned a level 1 spell: Magic Dart
  1434 | D:1      | Reached skill level 4 in Spellcasting
  1794 | D:2      | Found a faded altar of an unknown god.
  1937 | D:2      | Found a burning altar of Makhleb.
  2160 | D:2      | Reached XP level 4. HP: 28/31 MP: 0/0
  2272 | D:2      | Found a runed translucent door.
  2273 | D:2      | Noticed Crazy Yiuf
  2823 | D:2      | Slain by Crazy Yiuf

Illustrated notes

Levels and vault maps discovered:
D:1:      dpeg_arrival_circle_labyrinth_c, layout_loops_ring, serial_shops,
          nicolae_shop_advertising_works [nicolae_subvault_shop_adworks],
          dreamdust_princess_bridge
D:2:      layout_rooms, basic_altar, ebering_ecumenical_altar_mist,
          item_on_display_b, uniq_crazy_yiuf_cottage

Skill      XL: |  1  2  3 |
---------------+----------+-----
Spellcasting   | 4 |  4.2
Dodging        | |  2.1
Stealth        | |  1.5

Action                   |  1- 3 |  4- 6 || total
-------------------------+-------+-------++-------
Melee: Unarmed           |    16 |       ||    16
 Cast: Freeze            |    51 |     9 ||    60
Armor: Robe              |    11 |       ||    11
Dodge: Dodged            |    42 |       ||    42

Table legend: (Time is in decaauts)
 A = Elapsed time spent in this place.
 B = Non-inter-level travel time spent in this place.
 C = Inter-level travel time spent in this place.
 D = Time resting spent in this place.
 E = Time spent auto-exploring this place.
 F = Levels seen in this place.
 G = Mean time per level.
                   A        B        C        D        E       F      G
               +--------+--------+--------+--------+--------+-----+--------+
         Total |   2822 |   2728 |     94 |    259 |   2243 |   2 | 1411.0 |
       Dungeon |   2822 |   2728 |     94 |    259 |   2243 |   2 | 1411.0 |
               +--------+--------+--------+--------+--------+-----+--------+

Top non-repeatable levels by time:
     D:1: 1794 daAuts
     D:2: 1028 daAuts
